ITL
TRENTON STARS @ AMARILLO ARCHDUKES
08/20/2029
 
TOP OF THE 1ST
Trenton Stars batting - Pitching for Amarillo Archdukes : RHP José Abacil
Pitching: RHP José Abacil
Batting: RHB George Reeves 0-0: Fly out, F8 (Flyball, 8RS)
Batting: LHB Gabriel Aragón 0-0: Ball
1-0: Foul Ball, location: 2F
1-1: Ball
2-1: Called Strike
2-2: Foul Ball, location: 2F
2-2: Foul Ball, location: 2F
2-2: Foul Ball, location: 2F
2-2: Foul Ball, location: 2F
2-2: Fly out, F6 (Line Drive, 6M)
Batting: LHB Frank Jackson 0-0: Called Strike
0-1: Called Strike
0-2: Ball
1-2: Ball
2-2: Ball
3-2: Fly out, F7 (Flyball, 78M)
Top of the 1st over - 0 runs, 0 hits, 0 errors, 0 left on base; Trenton 0 - Amarillo 0
BOTTOM OF THE 1ST
Amarillo Archdukes batting - Pitching for Trenton Stars : RHP Derek Simpson
Pitching: RHP Derek Simpson
Batting: RHB Curt Wagner 0-0: Called Strike
0-1: Ground out 4-3 (Groundball, 34)
Batting: LHB Edwin Ryan 0-0: Fly out, F9 (Line Drive, 9)
Batting: LHB Jesús Bueno 0-0: Called Strike
0-1: Swinging Strike
0-2: Ball
1-2: SOLO HOME RUN (Flyball, 7LD), Distance : 318 ft
Batting: LHB Michael Cook 0-0: Called Strike
0-1: Foul Ball, location: 2F
0-2: Foul Ball, location: 2F
0-2: Strikes out looking
Bottom of the 1st over - 1 run, 1 hit, 0 errors, 0 left on base; Trenton 0 - Amarillo 1
TOP OF THE 2ND
Trenton Stars batting - Pitching for Amarillo Archdukes : RHP José Abacil
Batting: RHB Ken McDonald 0-0: Called Strike
0-1: Called Strike
0-2: Ball
1-2: SINGLE (Groundball, 6MD)
Batting: RHB Tony Long 0-0: Ball
1-0: Called Strike
1-1: Foul Ball, location: 2F
1-2: Ball
2-2: Strikes out swinging
Batting: RHB Jorge Cisneros 0-0: SINGLE (Flyball, 9S)
Ken McDonald to second
Runner from 2nd tries for 3rd, SAFE, no throw
Batting: LHB Paco Córdova 0-0: Ball
1-0: Called Strike
1-1: Ball
2-1: Ball
3-1: Fly out, F7 (Flyball, 7S)
Batting: RHB Clancy Booker 0-0: Ball
1-0: Ball
2-0: Ball
3-0: Called Strike
3-1: SINGLE (Groundball, 56D)
Ken McDonald scores
Jorge Cisneros to second
Batting: RHB Gabriel Villegas 0-0: Called Strike
0-1: Swinging Strike
0-2: Ball
1-2: Strikes out swinging
Top of the 2nd over - 1 run, 3 hits, 0 errors, 2 left on base; Trenton 1 - Amarillo 1
BOTTOM OF THE 2ND
Amarillo Archdukes batting - Pitching for Trenton Stars : RHP Derek Simpson
Batting: RHB Herb Bunch 0-0: Ball
1-0: Called Strike
1-1: Ball
2-1: Ball
3-1: Base on Balls
Batting: LHB José Martínez 0-0: Ball
1-0: Ball
2-0: Ball
3-0: Base on Balls
Herb Bunch to second
Batting: LHB John Frost 0-0: Swinging Strike
0-1: Ball
1-1: Foul Ball, location: 2F
1-2: Strikes out looking
Batting: SHB Jeff Chambers 0-0: Called Strike
0-1: Ball
1-1: Swinging Strike
1-2: Ball
2-2: Foul Ball, location: 2F
2-2: Strikes out swinging
Batting: RHB Jon Krohne 0-0: Ball
1-0: Ball
2-0: Called Strike
2-1: Swinging Strike
2-2: Ball
3-2: Foul Ball, location: 2F
3-2: SINGLE (Flyball, 56D)
Herb Bunch to third
José Martínez to second
Herb Bunch scores
José Martínez to third
Batting: RHB Curt Wagner 0-0: Foul Ball, location: 2F
0-1: Ball
1-1: Ball
2-1: Swinging Strike
2-2: Foul Ball, location: 2F
2-2: Strikes out swinging
Bottom of the 2nd over - 1 run, 1 hit, 0 errors, 2 left on base; Trenton 1 - Amarillo 2
TOP OF THE 3RD
Trenton Stars batting - Pitching for Amarillo Archdukes : RHP José Abacil
Batting: RHB George Reeves 0-0: Foul Ball, location: 2F
0-1: Ball
1-1: Swinging Strike
1-2: Ground out 6-3 (Groundball, 6)
Batting: LHB Gabriel Aragón 0-0: Swinging Strike
0-1: Ball
1-1: Ball
2-1: Ball
3-1: Base on Balls
Batting: LHB Frank Jackson 0-0: Ball
1-0: Foul Ball, location: 2F
1-1: Swinging Strike
1-2: Foul Ball, location: 2F
1-2: Fielders Choice at 2nd, 4-6 (Groundball, 34)
Batting: RHB Ken McDonald 0-0: Ball
1-0: Called Strike
1-1: Foul Ball, location: 2F
1-2: Ball
Frank Jackson steals 2nd base
2-2: Ground out 6-3 (Groundball, 6)
Top of the 3rd over - 0 runs, 0 hits, 0 errors, 1 left on base; Trenton 1 - Amarillo 2
BOTTOM OF THE 3RD
Amarillo Archdukes batting - Pitching for Trenton Stars : RHP Derek Simpson
Batting: LHB Edwin Ryan 0-0: Called Strike
0-1: Foul Ball, location: 2F
0-2: Foul Ball, location: 2F
0-2: Ball
1-2: Ball
2-2: Foul Ball, location: 2F
2-2: Foul Ball, location: 2F
2-2: Ball
3-2: Fly out, F9 (Flyball, 9D)
Batting: LHB Jesús Bueno 0-0: Fly out, F8 (Flyball, 78D)
Batting: LHB Michael Cook 0-0: Called Strike
0-1: Ball
1-1: Swinging Strike
1-2: Strikes out swinging
Bottom of the 3rd over - 0 runs, 0 hits, 0 errors, 0 left on base; Trenton 1 - Amarillo 2
TOP OF THE 4TH
Trenton Stars batting - Pitching for Amarillo Archdukes : RHP José Abacil
Batting: RHB Tony Long 0-0: Foul Ball, location: 2F
0-1: Ball
1-1: Foul Ball, location: 2F
1-2: Ball
2-2: Strikes out swinging
Batting: RHB Jorge Cisneros 0-0: Foul Ball, location: 2F
0-1: Foul Ball, location: 2F
0-2: Strikes out swinging
Batting: LHB Paco Córdova 0-0: Ball
1-0: Called Strike
1-1: Ball
2-1: Foul Ball, location: 2F
2-2: Foul Ball, location: 2F
2-2: Ball
3-2: Base on Balls
Batting: RHB Clancy Booker 0-0: Swinging Strike
0-1: Ball
Balk!
Paco Córdova to second
1-1: Ground out 4-3 (Groundball, 4D)
Top of the 4th over - 0 runs, 0 hits, 0 errors, 1 left on base; Trenton 1 - Amarillo 2
BOTTOM OF THE 4TH
Amarillo Archdukes batting - Pitching for Trenton Stars : RHP Derek Simpson
Batting: RHB Herb Bunch 0-0: Ball
1-0: Ball
2-0: Called Strike
2-1: Ball
3-1: SINGLE (Line Drive, 6MD)
Batting: LHB José Martínez 0-0: Called Strike
0-1: Ball
1-1: Called Strike
1-2: Foul Ball, location: 2F
1-2: Foul Ball, location: 2F
1-2: Ball
2-2: Ball
3-2: Fly out, F8 (Flyball, 8RS)
Batting: LHB John Frost 0-0: Swinging Strike
0-1: Fielders Choice at 2nd, 4-6 (Groundball, 4)
Batting: SHB Jeff Chambers 0-0: Called Strike
0-1: Called Strike
John Frost steals 2nd base
0-2: Foul Ball, location: 2F
0-2: Ground out 4-3 (Groundball, 4)
Bottom of the 4th over - 0 runs, 1 hit, 0 errors, 1 left on base; Trenton 1 - Amarillo 2
TOP OF THE 5TH
Trenton Stars batting - Pitching for Amarillo Archdukes : RHP José Abacil
Batting: RHB Gabriel Villegas 0-0: Ball
1-0: Ball
2-0: Ball
3-0: Base on Balls
Batting: RHB George Reeves 0-0: Ball
1-0: Ball
2-0: Fly out, F4 (Line Drive, 4)
Batting: LHB Gabriel Aragón 0-0: Called Strike
0-1: Ball
1-1: Ball
2-1: Called Strike
2-2: Ball
3-2: Base on Balls
Gabriel Villegas to second
Batting: LHB Frank Jackson 0-0: Ball
1-0: Foul Ball, location: 2F
1-1: Foul Ball, location: 2F
1-2: Strikes out swinging
Batting: RHB Ken McDonald 0-0: Ball
1-0: Fly out, F7 (Flyball, 7S)
Top of the 5th over - 0 runs, 0 hits, 0 errors, 2 left on base; Trenton 1 - Amarillo 2
BOTTOM OF THE 5TH
Amarillo Archdukes batting - Pitching for Trenton Stars : RHP Derek Simpson
Batting: RHB Jon Krohne 0-0: Ball
1-0: Called Strike
1-1: Ball
2-1: Called Strike
2-2: Foul Ball, location: 2F
2-2: SINGLE (Groundball, 34D)
Batting: RHB Curt Wagner 0-0: Foul Ball, location: 2F
0-1: Called Strike
0-2: Strikes out swinging
Batting: LHB Edwin Ryan 0-0: Fielders Choice at 2nd, 3-6 (Groundball, 34)
Batting: LHB Jesús Bueno 0-0: Ball
1-0: DOUBLE (Flyball, 8RXD)
Edwin Ryan to third
Runner from 3rd tries for Home, SAFE, no throw
Batting: LHB Michael Cook 0-0: Ball
1-0: Ball
2-0: Ground out U3 (Groundball, 34)
Bottom of the 5th over - 1 run, 2 hits, 0 errors, 1 left on base; Trenton 1 - Amarillo 3
TOP OF THE 6TH
Trenton Stars batting - Pitching for Amarillo Archdukes : RHP José Abacil
Pitching: RHP Frederick Kern
Batting: RHB Tony Long 0-0: SOLO HOME RUN (Flyball, 78XD), Distance : 368 ft
Batting: RHB Jorge Cisneros 0-0: Ball
1-0: Ball
2-0: Ball
3-0: Called Strike
3-1: Base on Balls
Batting: LHB Paco Córdova 0-0: Called Strike
0-1: Called Strike
0-2: Ball
1-2: Ball
2-2: Foul Ball, location: 2F
2-2: Ball
3-2: Base on Balls
Jorge Cisneros to second
Batting: RHB Clancy Booker 0-0: Ball
1-0: Fly out, F3 (Popup, 34S)
Batting: RHB Gabriel Villegas 0-0: Ball
1-0: Swinging Strike
1-1: Ball
2-1: Swinging Strike
2-2: Ball
3-2: Base on Balls
Jorge Cisneros to third
Paco Córdova to second
Batting: RHB George Reeves 0-0: Ball
1-0: Ball
2-0: Ball
3-0: Base on Balls
Jorge Cisneros scores
Paco Córdova to third
Gabriel Villegas to second
Pitching: RHP Dalton Ray
Batting: LHB Gabriel Aragón 0-0: Swinging Strike
0-1: Swinging Strike
0-2: Strikes out swinging
Batting: LHB Frank Jackson 0-0: Called Strike
0-1: Ball
1-1: Ball
2-1: Called Strike
2-2: Ball
3-2: Base on Balls
Paco Córdova scores
Gabriel Villegas to third
George Reeves to second
Batting: RHB Ken McDonald 0-0: Ball
Wild Pitch!
Gabriel Villegas scores
George Reeves to third
Frank Jackson to second
1-0: Foul Ball, location: 2F
1-1: Swinging Strike
1-2: Ball
2-2: Fly out, F9 (Flyball, 9LD)
Top of the 6th over - 4 runs, 1 hit, 0 errors, 2 left on base; Trenton 5 - Amarillo 3
BOTTOM OF THE 6TH
Amarillo Archdukes batting - Pitching for Trenton Stars : RHP Derek Simpson
Batting: RHB Herb Bunch 0-0: Ball
1-0: Called Strike
1-1: Foul Ball, location: 2F
1-2: Foul Ball, location: 2F
1-2: Foul Ball, location: 2F
1-2: Ball
2-2: Ground out 3-1 (Groundball, 2R)
Batting: LHB José Martínez 0-0: Foul Ball, location: 2F
0-1: Ball
1-1: Ground out 4-3 (Groundball, 34)
Batting: LHB John Frost 0-0: Swinging Strike
0-1: Swinging Strike
0-2: Ball
1-2: Strikes out swinging
Bottom of the 6th over - 0 runs, 0 hits, 0 errors, 0 left on base; Trenton 5 - Amarillo 3
TOP OF THE 7TH
Trenton Stars batting - Pitching for Amarillo Archdukes : RHP Dalton Ray
Batting: RHB Tony Long 0-0: Called Strike
0-1: Swinging Strike
0-2: Foul Ball, location: 2F
0-2: Strikes out swinging
Batting: RHB Jorge Cisneros 0-0: Swinging Strike
0-1: Foul Ball, location: 2F
0-2: Ball
1-2: Ball
2-2: Ball
3-2: DOUBLE (Flyball, 78XD)
Batting: LHB Paco Córdova 0-0: Ball
1-0: Called Strike
1-1: Foul Ball, location: 2F
1-2: Ball
2-2: Strikes out swinging
Batting: RHB Clancy Booker 0-0: Ball
1-0: Called Strike
1-1: Swinging Strike
1-2: Fly out, F3 (Popup, 34)
Top of the 7th over - 0 runs, 1 hit, 0 errors, 1 left on base; Trenton 5 - Amarillo 3
BOTTOM OF THE 7TH
Amarillo Archdukes batting - Pitching for Trenton Stars : RHP Derek Simpson
Batting: SHB Jeff Chambers 0-0: Ball
1-0: Ball
2-0: Fly out, F8 (Flyball, 8LD)
Batting: RHB Jon Krohne 0-0: Called Strike
0-1: Swinging Strike
0-2: Ball
1-2: Ball
2-2: Ball
3-2: SINGLE (Line Drive, 8LS)
Pitching: LHP Joseph Byrne
Batting: RHB Curt Wagner 0-0: Foul Ball, location: 2F
0-1: Called Strike
0-2: Strikes out looking
Batting: LHB Edwin Ryan 0-0: Ground out 4-3 (Groundball, 4M)
Bottom of the 7th over - 0 runs, 1 hit, 0 errors, 1 left on base; Trenton 5 - Amarillo 3
TOP OF THE 8TH
Trenton Stars batting - Pitching for Amarillo Archdukes : RHP Dalton Ray
Batting: RHB Gabriel Villegas 0-0: Ground out U3 (Groundball, 34S)
Batting: RHB George Reeves 0-0: SINGLE (Groundball, 56D)
Batting: LHB Gabriel Aragón 0-0: Called Strike
0-1: Swinging Strike
0-2: Ball
George Reeves steals 2nd base
1-2: Ball
2-2: Ball
3-2: Base on Balls
Pitching: RHP Ignacio Beltrán
Batting: LHB Frank Jackson 0-0: Ball
George Reeves steals 3rd base
1-0: Fielders Choice at 2nd, 4-6 (Groundball, 4)
George Reeves scores
Batting: RHB Ken McDonald 0-0: Ball
1-0: Foul Ball, location: 2F
1-1: Ball
Frank Jackson is caught stealing 2nd base
Top of the 8th over - 1 run, 1 hit, 0 errors, 0 left on base; Trenton 6 - Amarillo 3
BOTTOM OF THE 8TH
Amarillo Archdukes batting - Pitching for Trenton Stars : LHP Joseph Byrne
Batting: LHB Jesús Bueno 0-0: Foul Ball, location: 2F
0-1: Ball
1-1: Called Strike
1-2: Ball
2-2: SINGLE (Groundball, 34D)
Batting: LHB Michael Cook 0-0: Ball
1-0: Swinging Strike
1-1: Called Strike
1-2: Strikes out swinging
Batting: RHB Herb Bunch 0-0: Called Strike
0-1: Called Strike
0-2: Grounds into double play, 4-6-3 (Groundball, 4)
Bottom of the 8th over - 0 runs, 1 hit, 0 errors, 0 left on base; Trenton 6 - Amarillo 3
TOP OF THE 9TH
Trenton Stars batting - Pitching for Amarillo Archdukes : RHP Ignacio Beltrán
Batting: RHB Ken McDonald 0-0: Swinging Strike
0-1: Foul Ball, location: 2F
0-2: SINGLE (Line Drive, 89S)
Batting: RHB Tony Long 0-0: Called Strike
0-1: Called Strike
0-2: Ball
1-2: Ball
2-2: Ground out 4-3 (Groundball, 34)
Ken McDonald to second
Batting: RHB Jorge Cisneros 0-0: Called Strike
0-1: Ground out U3 (Groundball, 3)
Ken McDonald to third
Batting: LHB Paco Córdova 0-0: Called Strike
0-1: Ball
1-1: Ball
2-1: Ball
3-1: Ground out 4-3 (Groundball, 4S)
Top of the 9th over - 0 runs, 1 hit, 0 errors, 1 left on base; Trenton 6 - Amarillo 3
BOTTOM OF THE 9TH
Amarillo Archdukes batting - Pitching for Trenton Stars : LHP Joseph Byrne
Pitching: RHP Juan Álvarez
Batting: LHB José Martínez 0-0: Ball
1-0: Foul Ball, location: 2F
1-1: Foul Ball, location: 2F
1-2: Ground out 3-1 (Groundball, 34)
Batting: LHB John Frost 0-0: TRIPLE (Flyball, 7D)
Batting: SHB Jeff Chambers 0-0: Foul Ball, location: 2F
0-1: Fly out, F8 (Flyball, 8LD)
Runner from 3rd tags up, SCORES, no throw
Batting: RHB Jon Krohne 0-0: Ball
1-0: Called Strike
1-1: Foul Ball, location: 2F
1-2: Strikes out swinging
Bottom of the 9th over - 1 run, 1 hit, 0 errors, 0 left on base; Trenton 6 - Amarillo 4
Saturday, December 16th, 2017 - OOTP Baseball 18.8 Build 76